 Dungeon Crawl Stone Soup version 0.26.0-45-g9c1d065592 (webtiles) character file.

Game seed: 4898768365829210622

99964 kaeus the Tortoise (level 16, -22/149 HPs)
             Began as a Hill Orc Monk on Jan 27, 2021.
             Was the Champion of Beogh.
             Killed from afar by a deep elf annihilator (76 damage)
             ... with an iron shot
             ... on level 3 of the Elven Halls.
             The game lasted 01:05:57 (30717 turns).

kaeus the Tortoise (Hill Orc Monk)                 Turns: 30717, Time: 01:05:58

Health: -22/149    AC: 33    Str: 23    XL:     16   Next: 26%
Magic:  0/16       EV: 13    Int: 10    God:    Beogh [******]
Gold:   1308       SH: 14    Dex: 17    Spells: 15/15 levels left

rFire    . . .     SeeInvis .   y - +5 war axe
rCold    . . .     Faith    .   X - +4 kite shield of Summertime {rPois rF- rN+}
rNeg     + + +     Spirit   +   Y - +8 chain mail "Olijureb" {*Drain Will++ Regen+}
rPois    +         Reflect  .   K - +2 helmet
rElec    +         Harm     .   d - +1 cloak
rCorr    .         Rampage  .   E - +0 pair of gloves of Kikubaaqudgha's Favour {Str+4 Dex+4}
Will     +++..                  Q - +0 pair of boots
Stlth    ..........             t - amulet "Piusouh" {Spirit rElec rF- rN+++ Str-2}
HPRegen  0.74/turn              z - ring of poison resistance
MPRegen  0.15/turn              J - ring of protection from fire

@: lethally poisoned (-22 -> -22)
A: walk on water, fire resistance 1, low mp 1, mutation resistance 1, subdued
magic 1
a: Renounce Religion, Smiting, Recall Orcish Followers, Give Item to Named
Follower, Resurrection


You were on level 3 of the Elven Halls.
You worshipped Beogh.
Beogh was exalted by your worship.
You visited 4 branches of the dungeon, and saw 23 of its levels.
You also visited: Sewer, Ossuary, Bailey and Gauntlet.

You collected 2358 gold pieces.
You spent 1050 gold pieces at shops.

Inventory:

Hand Weapons
 i - a +1 bardiche of venom
 l - a +1 vampiric bardiche
 m - a +4 trident of flaming
 w - a +2 trident of venom
 x - a +0 trident of protection
 y - a +5 war axe (weapon)
 C - a +2 lajatang of distortion
 H - the +2 mace of Rimymusu {vorpal, Will+ Str+2}
   (You found it in a Gauntlet)

   It inflicts extra damage upon your enemies.
   It affects your strength (+2).
   It affects your willpower, your defense against some magical effects.
 P - a +1 halberd of flaming
Armour
 d - a +1 cloak (worn)
 E - the +0 pair of gloves of Kikubaaqudgha's Favour (worn) {Str+4 Dex+4}
   (You found it in a Gauntlet)

   It affects your strength (+4).
   It affects your dexterity (+4).
 K - a +2 helmet (worn)
 Q - a +0 pair of boots (worn)
 X - the +4 kite shield of Summertime (worn) {rPois rF- rN+}
   (You found it in a bailey)

   It makes you vulnerable to fire.
   It protects you from poison.
   It protects you from negative energy.
 Y - the +8 chain mail "Olijureb" (worn) {*Drain Will++ Regen+}
   (You found it in a bailey)

   It affects your willpower, your defense against some magical effects.
   It increases your rate of regeneration.
   It causes draining when unequipped.
Jewellery
 t - the amulet "Piusouh" (around neck) {Spirit rElec rF- rN+++ Str-2}
   (You found it on level 4 of the Dungeon)

   [amulet of guardian spirit]

   It causes incoming damage to be split between your health and magic.
   It affects your strength (-2).
   It makes you vulnerable to fire.
   It insulates you from electricity.
   It renders you almost immune to negative energy.
 z - a ring of poison resistance (left hand)
 F - an uncursed ring of resist corrosion
 J - a ring of protection from fire (right hand)
 M - a +4 ring of slaying
 W - an uncursed ring of protection from cold
Wands
 n - a wand of iceblast (13)
 s - a wand of enslavement (4)
Scrolls
 b - 7 scrolls of fear
 c - 22 scrolls of teleportation
 f - 5 scrolls of remove curse
 h - 4 scrolls of blinking
 j - 2 scrolls of magic mapping
 q - 2 scrolls of fog
Potions
 a - a potion of haste {unknown}
 e - a potion of heal wounds
 g - 6 potions of might
 k - 3 potions of invisibility
 o - 6 potions of brilliance
 p - 3 potions of flight
 u - 10 potions of curing
 B - a potion of mutation
 G - a potion of berserk rage
 I - a potion of resistance {unknown}
 L - 2 potions of attraction {unknown}
 S - a potion of degeneration {unknown}
 T - a potion of cancellation {unknown}
Miscellaneous
 D - a box of beasts (inert)


   Skills:
 + Level 15.1 Fighting
 - Level 16.1(16.2) Axes
 + Level 2.0(9.5) Maces & Flails
 * Level 18.4 Armour
 + Level 11.1 Dodging
 - Level 1.5 Stealth
 * Level 2.7 Shields
 * Level 3.2 Invocations


You had 15 spell levels left.
You didn't know any spells.
Your spell library contained the following spells:

 Spells                   Type           Power        Failure   Level
 Animate Skeleton         Necr           0%           100%        1
 Corona                   Hex            0%           100%        1
 Freeze                   Ice            0%           100%        1
 Magic Dart               Conj           0%           100%        1
 Pain                     Necr           0%           100%        1
 Ensorcelled Hibernation  Hex/Ice        0%           100%        2
 Searing Ray              Conj           0%           100%        2
 Swiftness                Air            0%           100%        2
 Confusing Touch          Hex            0%           100%        3
 Dazzling Flash           Conj/Hex       0%           100%        3
 Frozen Ramparts          Ice            0%           100%        3
 Ozocubu's Armour         Ice            0%           100%        3
 Spider Form              Tmut/Pois      0%           100%        3
 Static Discharge         Conj/Air       0%           100%        3
 Tukima's Dance           Hex            0%           100%        3
 Vampiric Draining        Necr           0%           100%        3
 Animate Dead             Necr           0%           100%        4
 Fulminant Prism          Conj/Hex       0%           100%        4
 Hailstorm                Conj/Ice       0%           100%        4
 Iskenderun's Mystic Bla  Conj/Tloc      0%           100%        4
 Olgreb's Toxic Radiance  Pois           0%           100%        4
 Summon Ice Beast         Ice/Summ       0%           100%        4
 Agony                    Necr           0%           100%        5
 Alistair's Intoxication  Tmut/Pois      0%           100%        5
 Irradiate                Conj/Tmut      0%           100%        5
 Lightning Bolt           Conj/Air       0%           100%        5
 Summon Demon             Summ           0%           100%        5
 Summon Forest            Summ/Tloc      0%           100%        5
 Summon Mana Viper        Hex/Summ       0%           100%        5
 Freezing Cloud           Conj/Ice/Air   0%           100%        6
 Hydra Form               Tmut           0%           100%        6
 Shadow Creatures         Summ           N/A          100%        6
 Statue Form              Tmut/Erth      0%           100%        6
 Dragon Form              Tmut           0%           100%        7
 Summon Hydra             Summ           0%           100%        7
 Ignition                 Fire           0%           100%        8
 Shatter                  Erth           0%           100%        9
 Tornado                  Air            0%           100%        9


Dungeon Overview and Level Annotations

Branches:
Dungeon (12/15)            Temple (0/1) D:7            Lair (6/6) D:9
 Shoals (0/4) Lair:2        Snake (0/4) Lair:2        Slime (0/5) Lair:6
    Orc (2/2) D:12            Elf (3/3) Orc:2         Sewer (visited)
Ossuary (visited)          Bailey (visited)         Gauntlet (visited)

Altars:
Ashenzari
Cheibriados
Dithmenos
Gozag
Hepliaklqana
Makhleb
Nemelex Xobeh
Qazlal
Ru
Sif Muna
Uskayaw
Xom
Zin
The Shining One
Beogh
Jiyva

Shops:
D:6 [   D:8 *   Orc:2 (=[*

Portals:
Hell: Lair:6
Trove: Elf:3 (give 7 potions of haste)

Annotations:
Lair:5 exclusion: oklob plant


Innate Abilities, Weirdness & Mutations

You can walk on water.
Your flesh is heat resistant. (rF+)
Your magical capacity is low. (-10% MP)
You are somewhat resistant to further mutation.
Your spells are a little easier to cast, but a little less powerful.


Message History

You block the deep elf blademaster's attack.
The deep elf blademaster hits you but does no damage.
Your orc knight hits the deep elf annihilator with a +0 dagger!!
Gorm is engulfed in freezing vapours.
Bogdan is engulfed in freezing vapours.
Bogdan hits the deep elf annihilator from afar with the +5 halberd of Terra Cotta {vorpal, rC- Int+3 Dex+9 Stlth-}!
The deep elf annihilator hits Marbork with a cursed -2 short sword.
Marbork is engulfed in freezing vapours.
Marbork hits the deep elf annihilator with a +0 hand axe!!!
The deep elf annihilator dies!
Beogh accepts your kill.
Marbork looks more experienced.
Marbork misses the deep elf annihilator.
Marbork hits the deep elf annihilator with a +0 hand axe!
Marbork completely misses the deep elf blademaster.
Your orc knight is engulfed in freezing vapours.
Your orc knight dies!
The deep elf annihilator casts a spell at you.
The iron shot misses Marbork.
The iron shot hits you!!!!
Ouch! That really hurt!
You die...

.........#....e...
........###.......
.........#........
..................
..........§...e...
.....e.eo....ee.e
#!.eeo)ee.# #°He@°#
###o### #°# #o# #o#
#o# #o# #.#
##############.#######


You could see a deep elf blademaster, a deep elf master archer, 5 deep elf
annihilators, a deep elf sorcerer (fast), a deep elf elementalist (fast, repels
missiles), 2 deep elf archers, a deep elf mage, the friendly Bogdan the orc
warlord (strong), a friendly larval stingox beast (summoned), a friendly orc
knight (strong), the friendly Bogrim the orc knight (strong), the friendly Gorm
the orc knight (strong), the friendly Hawl the orc knight (strong), the friendly
Marbork the orc knight (strong) and a friendly orc warrior (strong).

Vanquished Creatures
  Rupert (Orc:2)
  An orc warlord (Orc:2)
  A deep elf elementalist (Elf:3)
  The ghost of Sweeb the Blocker, a journeyman OpFi of Ashenzari (Lair:5)
  A minotaur (Gauntlet)
  Snorg (Lair:3)
  A blizzard demon (Gauntlet)
  Harold (D:7)
  4 hydras
  A hell beast (Lair:6)
  A boulder beetle (Lair:6)
  A two-headed ogre (D:9)
  5 dancing weapons
  6 death yaks
  A soul eater (Gauntlet)
  3 deep elf knights (Elf:2)
  2 sixfirhies (Gauntlet)
  A lindwurm (Lair:6)
  A wizard (Lair:6)
  A deep elf archer (Elf:1)
  An ugly thing (D:11)
  2 orc sorcerers (Orc:2)
  14 deep elf magi
  16 elephants
  4 black mambas
  A gargoyle (D:12)
  2 orange demons (Lair:6)
  7 cane toads
  A torpor snail (Lair:6)
  Joseph (D:7)
  A minotaur zombie (Gauntlet)
  2 rime drakes (Lair:6)
  An ice devil (Lair:6)
  10 komodo dragons
  A red devil (Lair:6)
  3 trolls
  Grinder (D:4)
  2 polar bears (Lair:5)
  8 blink frogs
  8 dream sheep (Lair:6)
  A snapping turtle (Lair:2)
  2 water elementals
  A shadow (D:11)
  21 yaks
  A basilisk (Lair:5)
  4 wyverns
  A warg (Elf:2)
  A two-headed ogre zombie (D:12)
  2 nagas (Lair:2)
  10 water moccasins
  4 orc warriors
  3 ice beasts
  2 sky beasts
  A phantom (D:4)
  6 necrophages (Lair:4)
  3 ogres
  3 centaurs
  2 big kobolds
  Blork the orc (D:4)
  18 bullfrogs
  A troll zombie (D:12)
  4 scorpions
  11 killer bees
  13 wights
  An electric eel (Lair:2)
  3 howler monkeys
  A quasit (D:7)
  5 centaur zombies (Ossuary)
  2 bullfrog zombies
  5 hounds
  2 jellies
  3 orc priests
  Natasha (thrice) (D:4)
  8 iguanas
  11 orc wizards
  A killer bee zombie (D:8)
  14 worker ants
  An ogre zombie (D:12)
  A big kobold zombie (Ossuary)
  2 hound zombies
  A hound skeleton (D:9)
  5 mummies (Ossuary)
  A worker ant zombie (D:5)
  A howler monkey skeleton (D:6)
  21 adders
  4 river rats (Sewer)
  12 shadow imps
  4 white imps
  An ufetubus (D:7)
  3 oozes
  4 adder skeletons
  2 dart slugs (D:3)
  3 leopard geckos
  16 orcs
  12 bats
  11 giant cockroaches
  9 goblins
  4 hobgoblins
  8 jackals
  20 kobolds
  A quokka (D:8)
  3 ball pythons
  13 frilled lizards
  A goblin skeleton (D:12)
  A goblin zombie (D:12)
  8 hobgoblin zombies
  6 orc zombies (D:12)
  2 quokka skeletons
  20 rats
  A fungus (Lair:6)
498 creatures vanquished.

Vanquished Creatures (collateral kills)
  2 orc warlords (Orc:2)
  A deep elf elementalist (Elf:1)
  A deep elf annihilator (Elf:3)
  4 hydras (Lair:5)
  A catoblepas (Lair:5)
  18 dancing weapons
  4 death yaks
  10 deep elf knights
  An orc high priest (Elf:2)
  A death drake (shapeshifter) (Elf:1)
  4 deep elf archers
  An orc knight (Orc:2)
  6 oklob plants
  A cyclops (D:12)
  19 elephants
  6 orc sorcerers
  38 deep elf magi
  A torpor snail (Lair:6)
  An orange demon (Lair:6)
  6 cane toads
  A smoke demon (Lair:6)
  2 gargoyles
  2 komodo dragons (Lair:6)
  2 rime drakes
  An ice devil (Lair:6)
  5 trolls
  2 polar bears (Lair:4)
  10 dream sheep (Lair:6)
  5 blink frogs
  An air elemental (Elf:1)
  3 wraiths
  4 wyverns
  13 yaks
  3 basilisks
  A steam dragon (Lair:5)
  A warg (Elf:2)
  4 hell hounds (Lair:6)
  4 water moccasins
  A sky beast (D:10)
  2 phantoms (D:12)
  6 orc warriors
  5 ogres
  A necrophage (Lair:4)
  A centaur (D:12)
  5 bullfrogs
  A big kobold (D:11)
  2 earth elementals
  A troll zombie (D:12)
  3 killer bees
  4 wights
  An electric eel (Lair:2)
  2 orc priests
  3 orc wizards
  A centaur skeleton (D:11)
  2 iguanas
  2 worker ants
  4 ogre zombies (D:12)
  2 adders (D:10)
  A shadow imp (D:9)
  12 orcs
  3 goblin zombies (D:12)
  A hobgoblin skeleton (D:12)
  A hobgoblin zombie (D:12)
  A kobold (D:11)
  An orc skeleton (D:12)
  8 orc zombies (D:12)
  A fungus (Lair:6)
268 creatures vanquished.

Vanquished Creatures (others)
  An orc warlord (Elf:2)
  An orc high priest (Elf:2)
  2 orc sorcerers
  6 orc knights
  A deep elf mage (Elf:2)
  16 orc warriors
  An orc priest (Elf:1)
  7 orc wizards
  42 orcs
  91 fungi
  85 plants
253 creatures vanquished.

Grand Total: 1019 creatures vanquished

Notes
Turn   | Place    | Note
-------+----------+-------------------------------------------
     0 | D:1      | kaeus the Hill Orc Monk began the quest for the Orb.
     0 | D:1      | Reached XP level 1. HP: 19/19 MP: 1/1
   217 | D:1      | Reached XP level 2. HP: 27/27 MP: 2/2
   231 | D:1      | Reached skill level 1 in Armour
   644 | D:1      | Reached XP level 3. HP: 26/33 MP: 3/3
  1284 | D:2      | Reached skill level 2 in Armour
  1394 | D:2      | Reached XP level 4. HP: 34/40 MP: 4/4
  2065 | D:3      | Found a shimmering blue altar of Sif Muna.
  2177 | D:3      | Reached skill level 3 in Armour
  2177 | D:3      | Reached XP level 5. HP: 32/47 MP: 5/5
  2487 | D:3      | Reached skill level 5 in Axes
  2895 | D:3      | Noticed an ice beast
  2907 | D:3      | Gained mutation: Your flesh is heat resistant. (rF+)
                  | [potion of mutation]
  2907 | D:3      | Gained mutation: Your magical capacity is low. (-10% MP)
                  | [potion of mutation]
  2907 | D:3      | Gained mutation: Your spells are a little easier to cast,
                  | but a little less powerful. [potion of mutation]
  2907 | D:3      | Gained mutation: You are somewhat resistant to further
                  | mutation. [potion of mutation]
  3340 | D:3      | Killed an ice beast
  3341 | D:3      | Reached XP level 6. HP: 26/53 MP: 5/5
  3583 | D:3      | Found a hide-covered altar of Uskayaw.
  3586 | D:3      | Found a glowing silver altar of Zin.
  3589 | D:3      | Found a stormy altar of Qazlal.
  3825 | D:4      | Got a smoking sapphire amulet
  3828 | D:4      | Found a broken altar of Ashenzari.
  3834 | D:4      | Identified the amulet "Piusouh" {Spirit rElec rF- rN+++
                  | Str-2} (You found it on level 4 of the Dungeon)
  3914 | D:4      | Noticed a phantom
  3952 | D:4      | Killed a phantom
  3953 | D:4      | Reached skill level 4 in Armour
  4003 | D:4      | Noticed Blork the orc
  4017 | D:4      | Killed Blork the orc
  4018 | D:4      | Reached skill level 5 in Fighting
  4281 | D:4      | Noticed Natasha
  4281 | D:4      | Noticed Grinder
  4290 | D:4      | Killed Natasha
  4291 | D:4      | Reached XP level 7. HP: 51/61 MP: 3/6
  4299 | D:4      | Killed Grinder
  4300 | D:4      | Reached skill level 5 in Armour
  4413 | D:4      | Noticed Natasha
  4425 | D:4      | Killed Natasha
  4795 | D:4      | Noticed Natasha
  4798 | D:4      | Killed Natasha
  5037 | D:5      | Entered Level 5 of the Dungeon
  5063 | D:5      | Reached XP level 8. HP: 55/70 MP: 5/7
  5122 | D:5      | Reached skill level 6 in Armour
  5128 | D:5      | Found a glowing drain.
  5132 | Sewer    | Entered a sewer
  5542 | D:5      | Became a worshipper of Beogh the Brigand
  5542 | D:5      | Reached * piety under Beogh
  5542 | D:5      | Reached ** piety under Beogh
  5848 | D:5      | Reached skill level 7 in Armour
  6022 | D:5      | Found an opulent altar of Gozag.
  6157 | D:6      | Found a sand-covered staircase.
  6162 | Ossuary  | Entered an ossuary
  6224 | Ossuary  | Reached XP level 9. HP: 76/78 MP: 8/8
  6402 | D:6      | Found a hazy altar of Hepliaklqana.
  6405 | D:6      | Found a shadowy altar of Dithmenos.
  6413 | D:6      | Got a bloodstained robe
  6414 | D:6      | Identified the cursed +0 robe of Absolutism {+Inv MP-9
                  | Str+5} (You found it on level 6 of the Dungeon)
  6533 | D:6      | Found a snail-covered altar of Cheibriados.
  6692 | D:6      | Found Maxoiz's Armour Shoppe.
  6699 | D:6      | Bought a +0 pair of gloves of strength for 126 gold pieces
  6892 | D:6      | Reached skill level 8 in Armour
  7176 | D:6      | Found a sparkling altar of Nemelex Xobeh.
  7281 | D:7      | Noticed Joseph
  7283 | D:7      | Reached skill level 5 in Dodging
  7302 | D:7      | Killed Joseph
  7487 | D:7      | Noticed Harold
  7504 | D:7      | Killed Harold
  7505 | D:7      | Reached skill level 9 in Armour
  7505 | D:7      | Reached *** piety under Beogh
  7512 | D:7      | Reached XP level 10. HP: 53/88 MP: 3/9
  7694 | D:7      | Found a sparkling altar of Nemelex Xobeh.
  8061 | D:7      | Identified Sif Muna's Papyrus of Weightlessness and
                  | Contamination
  8071 | D:7      | Got smoking fire dragon scales
  8083 | D:7      | Identified the +6 fire dragon scales of the Earth {Rampage
                  | +Inv rF++ rC- Regen+ Str-2} (You found it on level 7 of the
                  | Dungeon)
  8267 | D:7      | Found a staircase to the Ecumenical Temple.
  8269 | D:7      | Found a glowing golden altar of the Shining One.
  8439 | D:8      | Reached skill level 10 in Armour
  8479 | D:8      | Found an opulent altar of Gozag.
  8523 | D:8      | Reached **** piety under Beogh
  8648 | D:8      | Found Gozag's Platinum Reserve.
  8782 | D:8      | Found a burning altar of Makhleb.
  9773 | D:9      | Reached skill level 10 in Axes
  9842 | D:9      | Found a staircase to the Lair.
  9886 | D:9      | Found a burning altar of Makhleb.
 10312 | D:9      | Found a sacrificial altar of Ru.
 10534 | D:9      | Reached skill level 11 in Armour
 10536 | D:9      | Noticed a two-headed ogre
 10546 | D:9      | Killed a two-headed ogre
 10547 | D:9      | Reached XP level 11. HP: 77/97 MP: 7/9
 10635 | D:9      | Reached ***** piety under Beogh
 10868 | Lair:1   | Entered Level 1 of the Lair of Beasts
 10868 | Lair:1   | Noticed a seven-headed hydra
 10874 | Lair:1   | Killed a nine-headed hydra
 11406 | Lair:1   | Reached skill level 10 in Fighting
 12439 | Lair:2   | Reached skill level 12 in Armour
 12728 | Lair:2   | You fall into a shaft and drop 1 floor!
 12769 | Lair:2   | Found a staircase to the Snake Pit.
 13134 | Lair:2   | Found a staircase to the Shoals.
 14019 | Lair:3   | Found a hide-covered altar of Uskayaw.
 14052 | Lair:3   | Noticed Snorg
 14056 | Lair:3   | Killed Snorg
 14206 | Lair:3   | Gained Marbork as an ally
 14431 | Lair:3   | Reached XP level 12. HP: 108/108 MP: 10/10
 15859 | Lair:3   | Got a steaming scimitar
 15860 | Lair:3   | Identified the +2 scimitar "Nics" {elec, +Fly rF- Stlth+}
                  | (You found it on level 3 of the Lair of Beasts)
 16589 | Lair:4   | Reached skill level 13 in Armour
 16958 | Lair:4   | Found a sacrificial altar of Ru.
 17571 | Lair:4   | Noticed a death yak
 17571 | Lair:4   | Noticed a death yak
 17571 | Lair:4   | Noticed a death yak
 17571 | Lair:4   | Noticed a death yak
 17571 | Lair:4   | Noticed a death yak
 17576 | Lair:4   | Killed a death yak
 17578 | Lair:4   | Killed a death yak
 17579 | Lair:4   | Killed a death yak
 17580 | Lair:4   | Reached skill level 14 in Armour
 17581 | Lair:4   | Killed a death yak
 17583 | Lair:4   | Killed a death yak
 17890 | Lair:5   | Noticed an eight-headed hydra
 17899 | Lair:5   | Found a runed translucent door.
 17899 | Lair:5   | Found a shimmering altar of Xom.
 17899 | Lair:5   | Noticed Sweeb's ghost (journeyman OpFi)
 17899 | Lair:5   | Killed a nine-headed hydra
 17900 | Lair:5   | Reached XP level 13. HP: 95/117 MP: 8/11
 18434 | Lair:5   | Reached skill level 15 in Armour
 18434 | Lair:5   | Reached ****** piety under Beogh
 18687 | Lair:5   | Gained Bogric as an ally
 19383 | Lair:6   | Entered Level 6 of the Lair of Beasts
 19435 | Lair:6   | Reached XP level 14. HP: 58/127 MP: 4/12
 20264 | Lair:6   | Found a staircase to the Slime Pits.
 20264 | Lair:6   | Found a viscous altar of Jiyva.
 20285 | Lair:6   | Reached skill level 16 in Armour
 21191 | Lair:6   | Found a burning altar of Makhleb.
 21206 | Lair:6   | Found a gateway to Hell.
 22277 | Lair:5   | Killed Sweeb's ghost
 22278 | Lair:5   | Reached skill level 10 in Dodging
 23131 | D:10     | Entered Level 10 of the Dungeon
 23181 | D:10     | Found a flagged portal.
 23239 | Bailey   | Entered a bailey
 23406 | Bailey   | Got a faintly humming kite shield
 23408 | Bailey   | Got a smouldering chain mail
 23480 | Bailey   | Identified the +8 chain mail "Olijureb" {*Drain Will++
                  | Regen+} (You found it in a bailey)
 23485 | Bailey   | Identified the +4 kite shield of Summertime {rPois rF- rN+}
                  | (You found it in a bailey)
 24268 | D:10     | Gained Hawl as an ally
 25534 | D:12     | Found a sacrificial altar of Ru.
 25649 | D:12     | Found a staircase to the Orcish Mines.
 26013 | Orc:1    | Entered Level 1 of the Orcish Mines
 26115 | Orc:2    | Entered Level 2 of the Orcish Mines
 26115 | Orc:2    | Found a staircase to the Elven Halls.
 26121 | Orc:2    | Gained Gorm as an ally
 26122 | Orc:2    | Reached skill level 15 in Axes
 26144 | Orc:2    | Found Toon's Antique Weapon Shop.
 26178 | Orc:2    | Noticed an orc warlord
 26181 | Orc:2    | Found Getsoima's Jewellery Shop.
 26198 | Orc:2    | Killed an orc warlord
 26215 | Orc:2    | Found Xarivar's Antique Armour Emporium.
 26219 | Orc:2    | Reached XP level 15. HP: 60/138 MP: 7/13
 26231 | Orc:2    | Bought a glowing scarf for 200 gold pieces
 26231 | Orc:2    | Bought a faintly glowing plate armour for 700 gold pieces
 26251 | Orc:2    | Identified the cursed +0 plate armour of the Lonely Coins
                  | {rN+ Dex+2} (You bought it in a shop on level 2 of the
                  | Orcish Mines)
 26261 | Orc:2    | Found a gate leading to a gauntlet.
 26274 | Orc:2    | Reached skill level 17 in Armour
 26298 | Gauntlet | Entered a Gauntlet
 26298 | Gauntlet | Found a transporter.
 26298 | Gauntlet | Found a transporter.
 26298 | Gauntlet | Found a runed translucent gate.
 26298 | Gauntlet | Found a runed translucent gate.
 26299 | Gauntlet | Found a runed translucent gate.
 26341 | Gauntlet | Found a transporter.
 26359 | Gauntlet | Found a transporter.
 26359 | Gauntlet | Found a transporter.
 26361 | Gauntlet | Found a transporter.
 26361 | Gauntlet | Found a transporter.
 26362 | Gauntlet | Found a transporter.
 26375 | Gauntlet | Found a transporter.
 26388 | Gauntlet | Found a transporter.
 26398 | Gauntlet | Found a transporter.
 26412 | Gauntlet | Found a transporter.
 26432 | Gauntlet | Found a transporter.
 26443 | Gauntlet | Found a transporter.
 26652 | Gauntlet | Got a pair of dazzling gloves
 26658 | Gauntlet | Got a smoking mace
 26669 | Gauntlet | Identified the +0 pair of gloves of Kikubaaqudgha's Favour
                  | {Str+4 Dex+4} (You found it in a Gauntlet)
 26671 | Gauntlet | Identified the +2 mace of Rimymusu {vorpal, Will+ Str+2}
                  | (You found it in a Gauntlet)
 26682 | Gauntlet | Identified the +5 halberd of Terra Cotta {vorpal, rC- Int+3
                  | Dex+9 Stlth-}
 26846 | Orc:2    | Found Enikoiza's General Store.
 26854 | Orc:2    | Bought a scroll of identify for 24 gold pieces
 26934 | Orc:2    | Found a roughly hewn altar of Beogh.
 26946 | Orc:2    | Noticed an orc warlord
 26952 | Orc:2    | Noticed an orc warlord
 26957 | Orc:2    | Killed an orc warlord
 26957 | Orc:2    | Gained Bogdan as an ally
 26961 | Orc:2    | Killed an orc warlord
 27476 | Orc:2    | Noticed Rupert
 27487 | Orc:2    | Killed Rupert
 27618 | Elf:1    | Entered Level 1 of the Elven Halls
 27640 | Elf:1    | Gained Bogrim as an ally
 27644 | Elf:1    | Noticed a deep elf elementalist
 27648 | Elf:1    | Killed a deep elf elementalist
 28668 | Elf:2    | Your ally Bogric died
 29479 | Elf:2    | Reached skill level 18 in Armour
 29484 | Elf:2    | Found a runed translucent gate.
 29484 | Elf:2    | Found a runed translucent gate.
 29484 | Elf:2    | Found a runed translucent gate.
 29885 | Elf:2    | Reached XP level 16. HP: 113/147 MP: 11/14
 29953 | Elf:2    | Reached skill level 15 in Fighting
 30033 | Elf:2    | Reached skill level 1 in Invocations
 30144 | Elf:2    | Reached skill level 1 in Shields
 30316 | Elf:2    | Reached skill level 1 in Maces & Flails
 30493 | Elf:3    | Entered Level 3 of the Elven Halls
 30643 | Elf:3    | Found a portal to a secret trove of treasure.
 30704 | Elf:3    | Noticed a deep elf blademaster
 30714 | Elf:3    | Noticed a deep elf master archer
 30717 | Elf:3    | Killed from afar by a deep elf annihilator

Illustrated notes

Levels and vault maps discovered:
D:1:      giann_bridges, layout_basic
D:2:      layout_rooms
D:3:      layout_rooms, overflow_temple_1_default,
          grunt_temple_overflow_diamond, minmay_divided_ellipse
D:4:      layout_basic, kennysheep_little_box, uniq_blork_the_orc, uniq_natasha,
          uniq_grinder
D:5:      layout_gridville, kennysheep_mini_moat, gup_sewer_entry_bowl
D:6:      layout_layer_cave, riverfiend_overflow_shadow_ancestor,
          general_overflow_altar, serial_shops, nicolae_shop_crystal,
          nicolae_ossuary_entry_ruins, kennysheep_path_1,
          nemelex_lonely_heart_becter
D:7:      minmay_the_grid_octo_triangle [minmay_the_grid_octo_chip,
          minmay_the_grid_octo_prize_square_snowflake,
          minmay_the_grid_octo_concentric], layout_basic, lemuel_crystal_altar,
          nicolae_overflow_hidden_temple, minmay_temple_entry_purple_smoke,
          lemuel_altar_in_water2, uniq_harold, uniq_joseph
D:8:      layout_gridville, nicolae_overflow_crystal_walls,
          nicolae_gozag_zags_fifth_avenue
D:9:      minmay_bubble_buster, layout_irregular_city,
          lemuel_coloured_pillars_altar, dpeg_oklobed_lair, basic_altar
D:10:     layout_rooms, enter_bailey_2
D:11:     layout_basic, minmay_lizard_king
D:12:     layout_stronghold, zombieorc2_lemuel, kennysheep_small_circle
Lair:1:   layout_hall_layers
Lair:2:   layout_cave_pods, minmay_shoals_entry_hut,
          guppyfry_snake_entry_garden, serial_bayou, serial_bayou_shore_b,
          serial_bayou_pond_d, serial_bayou_pond_b, serial_bayou_pond_e
Lair:3:   layout_chaotic_city, amcnicky_altar_gilded, uniq_snorg
Lair:4:   layout_roguey, basic_altar, roderic_carrion_pond,
          serial_bayou_shore_a, infiniplex_staircase_pool_2, grunt_megastairs_1
Lair:5:   beast_lair_carwin_large_2, layout_hall_layers, ebering_ghost_xom,
          st_stairs_11, minmay_lair_oklob_chamber
Lair:6:   evil_forest, layout_misc_corridors, slime_altar_1, grunt_megastairs_3
Orc:1:    layout_caves, nicolae_orc_stony_grotto
Orc:2:    grunt_orc_gardens, layout_caves, grunt_orc_garden, grunt_orc_garden,
          grunt_orc_garden, grunt_orc_garden, basic_altar,
          gauntlet_entry_generic, uniq_rupert
Elf:1:    eino_elf_arrival_sip, layout_loops_cross, minmay_elf_crystal_heptagon
Elf:2:    layout_geoelf_diagonals
Elf:3:    minmay_elf_hall, layout_rooms, nicolae_trove_entry_diagonal,
          kb_rosetta

Skill      XL: |  1  2  3  4  5  6  7  8  9 10 11 12 13 14 15 16 |
---------------+-------------------------------------------------+-----
Armour         | 1 2 3 4 5 7 9 11 12 14 15 16 18 | 18.4
Fighting       | 4 5 6 8 9 10 11 12 14 15 | 15.1
Dodging        | 3 4 5 6 7 8 9 10 11 | 11.1
Axes           | 5 6 7 9 10 11 12 14 15 16 | 16.1
Invocations    | 3 |  3.2
Shields        | 2 |  2.7
Maces & Flails | 2 |  2.0
Stealth        | |  1.5

Action                   |  1- 3 |  4- 6 |  7- 9 | 10-12 | 13-15 | 16-18 || total
-------------------------+-------+-------+-------+-------+-------+-------++-------
Melee: Hand axe          |   122 |   189 |       |       |       |     5 ||   316
       Mace              |       |    32 |       |       |   291 |    18 ||   341
       Battleaxe         |       |     2 |   238 |   388 |   219 |       ||   847
       War axe           |       |       |       |       |   242 |    27 ||   269
Invok: Convert to Beogh  |       |       |     1 |       |       |       ||     1
       Recall Orcish Fol |       |       |       |     5 |    16 |     1 ||    22
       Give Item to Name |       |       |       |     1 |     4 |     1 ||     6
       Resurrection      |       |       |       |       |     1 |       ||     1
       Smiting           |       |       |       |       |       |     3 ||     3
Evoke: Box of beasts     |       |       |       |       |       |     1 ||     1
  Use: Potion            |       |     1 |     4 |       |     2 |     2 ||     9
       Scroll            |       |     4 |    14 |    13 |    12 |     2 ||    45
 Stab: Sleeping          |     4 |       |     1 |     4 |       |       ||     9
       Distracted        |       |       |       |     6 |     9 |     2 ||    17
Armor: Robe              |    30 |       |       |       |       |       ||    30
       Ring mail         |    11 |   109 |    10 |       |       |       ||   130
       Chain mail        |       |       |   138 |    22 |   238 |    37 ||   435
       Fire dragon scale |       |       |       |   191 |   168 |       ||   359
Dodge: Dodged            |   100 |   165 |   170 |   286 |   427 |    21 ||  1169
Block: Kite shield       |       |       |       |       |   276 |    34 ||   310
